 Dungeon Crawl Stone Soup version 0.21.0-3-g78d12a8 (webtiles) character file.

55 Suckerboh the Firebug (level 3, 0/19 HPs)
             Began as a Deep Elf Fire Elementalist on Jan 14, 2018.
             Slain by a gnoll
             ... wielding a +0 whip
              (2 damage)
             ... on level 2 of the Dungeon.
             The game lasted 00:02:06 (1762 turns).

Suckerboh the Firebug (Deep Elf Fire Elementalist)  Turns: 1762, Time: 00:02:07

Health: 0/19       AC:  2    Str:  5    XL:     3   Next: 67%
Magic:  1/10       EV: 13    Int: 20    God:
Gold:   70         SH:  0    Dex: 15    Spells: 8/9 levels left

rFire    . . .     SeeInvis .   (no weapon)
rCold    . . .     Gourm    .   (no shield)
rNeg     . . .     Faith    .   a - +0 robe
rPois    .         Spirit   .   (no helmet)
rElec    .         Reflect  .   (no cloak)
rCorr    .         Harm     .   (no gloves)
MR       .....                  (no boots)
Stlth    ++........             (no amulet)
HPRegen  0.06/turn              (no ring)
MPRegen  0.12/turn              (no ring)

@: no status effects
A: no striking features
a: no special abilities


You were on level 2 of the Dungeon.
You were not hungry.

You visited 1 branch of the dungeon, and saw 2 of its levels.

You collected 70 gold pieces.

Inventory:

Armour
 a - a +0 robe (worn)
Jewellery
 i - a +4 ring of intelligence {unknown}
Scrolls
 f - a scroll of fear {unknown}
 g - a scroll of teleportation {unknown}
 h - a scroll of remove curse {unknown}
 j - 3 scrolls of identify {unknown}
Potions
 d - a potion of agility {unknown}
 e - a potion of brilliance {unknown}
Books
 b - a book of Flames

   Spells                             Type                      Level
   a - Flame Tongue                   Conjuration/Fire             1
   b - Throw Flame                    Conjuration/Fire             2
   c - Conjure Flame                  Conjuration/Fire             3
   d - Inner Flame                    Hexes/Fire                   3
   e - Sticky Flame                   Conjuration/Fire             4
   f - Fireball                       Conjuration/Fire             5
Comestibles
 c - 3 rations


   Skills:
 + Level 2.7 Dodging
 - Level 2.4 Stealth
 + Level 3.7 Spellcasting
 * Level 2.3 Conjurations
 + Level 4.0 Fire Magic


You had 8 spell levels left.
You knew the following spells:

 Your Spells              Type           Power        Failure   Level  Hunger
a - Flame Tongue          Conj/Fire      ###..        3%          1    None


Dungeon Overview and Level Annotations

Branches:
Dungeon (2/15)

Altars:
Nemelex Xobeh


Message History

The flame tongue hits the gnoll.
The gnoll is severely wounded.
Casting: Flame Tongue
Confirm with . or Enter, or press ? or * to list all spells.
Aiming: Flame Tongue
Press: ? - help, Shift-Dir - straight line, f/p - gnoll
Aim: a gnoll, wielding a whip (severely wounded)
The flame tongue hits the gnoll.
The gnoll is almost dead.
The gnoll hits you with a whip!
* * * LOW HITPOINT WARNING * * *
Casting: Flame Tongue
Confirm with . or Enter, or press ? or * to list all spells.
Aiming: Flame Tongue
Press: ? - help, Shift-Dir - straight line, f/p - gnoll
Aim: a gnoll, wielding a whip (almost dead)
The flame tongue hits the gnoll.
The gnoll is almost dead.
The gnoll hits you with a whip.
You die...

#######....l##.....#
#.##.#
##...g##.....#####.##.#
####.##...........##.#
#............###....#
#.#.####'##.##.##...#
#l#...##....#._.#...#
#.###.....####.####..
#.#####..##..#'#..##.
#.)g@....#...).'...#.
########.##.##.##.##.
#..###.#.###..
##.....#.....#
####.###..### #......#
# ##.##..### #........
#########


You could see a gnoll.

Vanquished Creatures
  An adder (D:2)
  A gnoll (D:2)
  An ooze (D:2)
  2 dart slugs (D:1)
  An orc (D:2)
  3 goblins (D:1)
  3 hobgoblins (D:1)
  2 ball pythons (D:1)
  4 bats
  4 frilled lizards
  5 kobolds
  3 rats
30 creatures vanquished.

Notes
Turn   | Place    | Note
-------+----------+-------------------------------------------
     0 | D:1      | Suckerboh the Deep Elf Fire Elementalist began the quest for the Orb.
     0 | D:1      | Reached XP level 1. HP: 10/10 MP: 6/6
   235 | D:1      | Reached XP level 2. HP: 13/15 MP: 0/8
  1148 | D:2      | Found a faded altar of an unknown god.
  1354 | D:2      | Reached XP level 3. HP: 19/19 MP: 6/9
  1417 | D:2      | Found a sparkling altar of Nemelex Xobeh.
  1457 | D:2      | Reached skill level 4 in Fire Magic
  1762 | D:2      | Slain by a gnoll

Skill      XL: |  1  2  3 |
---------------+----------+-----
Conjurations   | 2 |  2.3
Fire Magic     | 4 |  4.0
Dodging        | |  2.7
Stealth        | |  2.4
Spellcasting   | |  3.7

Action                   || total
-------------------------++-------
Melee: Unarmed           ||     8
 Cast: Flame Tongue      ||    60
  Eat: Chunk             ||     2
Armor: Robe              ||     2
Dodge: Dodged            ||    22
